XFBL
SEATTLE MARINERS @ CHICAGO WHITE SOX
03/30/1982
 
TOP OF THE 1ST
Seattle Mariners batting - Pitching for Chicago White Sox : RHP Dave Rozema
Pitching: RHP Dave Rozema
Batting: LHB Jose Perales 0-0: Ball
1-0: Ball
2-0: Foul Ball, location: 2F
2-1: Foul Ball, location: 2F
2-2: Ground out 6-3 (Groundball, 6M, EV 103.8 MPH)
Batting: LHB Don Mattingly 0-0: Ball
1-0: Ball
2-0: Called Strike
2-1: Ball
3-1: Fly out, F6 (Flyball, 5D, EV 88.8 MPH)
Batting: RHB Robin Yount 0-0: Ball
1-0: Ground out 4-3 (Groundball, 4, EV 111.3 MPH)
Top of the 1st over - 0 runs, 0 hits, 0 errors, 0 left on base; Seattle 0 - Chicago 0
BOTTOM OF THE 1ST
Chicago White Sox batting - Pitching for Seattle Mariners : RHP Steve Busby
Pitching: RHP Steve Busby
Batting: SHB Dwayne Taggart 0-0: Ground out U3 (Groundball, 34S, EV 69.4 MPH)
Batting: LHB Rudy Law 0-0: Called Strike
0-1: Ball
1-1: SINGLE (Flyball, 8RS, EV 85.6 MPH)
Batting: RHB Mike Heath 0-0: Ball
1-0: Fly out, F7 (Line Drive, 7, EV 103.8 MPH)
Batting: LHB Mitchell Page 0-0: Ball
1-0: SINGLE (Groundball, 6M, EV 90.6 MPH) (infield hit)
Rudy Law to second
Batting: RHB Kevin McReynolds 0-0: Ball
1-0: Ball
2-0: Foul Ball, location: 2F
2-1: Ball
3-1: Base on Balls
Rudy Law to third
Mitchell Page to second
Batting: LHB Ryan MacFarland 0-0: Fly out, F9 (Line Drive, 9, EV 96.9 MPH)
Bottom of the 1st over - 0 runs, 2 hits, 0 errors, 3 left on base; Seattle 0 - Chicago 0
TOP OF THE 2ND
Seattle Mariners batting - Pitching for Chicago White Sox : RHP Dave Rozema
Batting: LHB Chris Wynn 0-0: Foul Ball, location: 2F
0-1: Foul Ball, location: 2F
0-2: Ball
1-2: Ball
2-2: Ball
3-2: Fly out, F8 (Line Drive, 8LM, EV 90.0 MPH)
Batting: RHB Tony Conigliaro 0-0: SINGLE (Line Drive, 56D, EV 96.9 MPH)
Batting: RHB Bobby Bonds 0-0: Ball
1-0: Ball
2-0: Swinging Strike
2-1: Foul Ball, location: 2F
2-2: Ball
3-2: Strikes out looking
Batting: RHB Ryne Sandberg 0-0: Ball
1-0: Ball
2-0: Fielders Choice at 2nd, 6-4 (Groundball, 56, EV 88.8 MPH)
Top of the 2nd over - 0 runs, 1 hit, 0 errors, 1 left on base; Seattle 0 - Chicago 0
BOTTOM OF THE 2ND
Chicago White Sox batting - Pitching for Seattle Mariners : RHP Steve Busby
Batting: RHB Bob Bailey 0-0: Ball
1-0: Called Strike
1-1: Ball
2-1: Foul Ball, location: 2F
2-2: Foul Ball, location: 2F
2-2: Ball
3-2: SINGLE (Flyball, 7LS, EV 86.9 MPH)
Batting: RHB Jose Castro 0-0: Ball
1-0: Ball
2-0: Ball
3-0: Base on Balls
Bob Bailey to second
Batting: RHB Brian Harper 0-0: Foul Ball, location: 2F
0-1: Ball
1-1: Called Strike
1-2: Ball
2-2: Foul Ball, location: 2F
2-2: Strikes out swinging
Batting: SHB Dwayne Taggart 0-0: Fly out, F9 (Flyball, 9D, EV 99.4 MPH)
Runner from 2nd tags up, SAFE at 3rd, no throw by RF
Batting: LHB Rudy Law 0-0: Ball
1-0: Foul Ball, location: 2F
1-1: Ball
2-1: Ground out 4-3 (Groundball, 4, EV 83.1 MPH)
Bottom of the 2nd over - 0 runs, 1 hit, 0 errors, 2 left on base; Seattle 0 - Chicago 0
TOP OF THE 3RD
Seattle Mariners batting - Pitching for Chicago White Sox : RHP Dave Rozema
Batting: RHB Ramon Estepa 0-0: Ball
1-0: SINGLE (Groundball, 4D, EV 103.1 MPH)
Batting: RHB Ozzie Virgil 0-0: Called Strike
0-1: Ball
1-1: Ball
2-1: SINGLE (Line Drive, 78S, EV 100.6 MPH)
Ramon Estepa to second
Batting: LHB Jose Perales 0-0: Ball
1-0: Ball
2-0: Called Strike
2-1: Foul Ball, location: 2F
2-2: Strikes out swinging
Batting: LHB Don Mattingly 0-0: Foul Ball, location: 2F
0-1: Ball
1-1: Foul Ball, location: 2F
1-2: Grounds into double play, 5-4-3 (Groundball, 56, EV 96.3 MPH)
Top of the 3rd over - 0 runs, 2 hits, 0 errors, 1 left on base; Seattle 0 - Chicago 0
BOTTOM OF THE 3RD
Chicago White Sox batting - Pitching for Seattle Mariners : RHP Steve Busby
Batting: RHB Mike Heath 0-0: Foul Ball, location: 2F
0-1: Ground out 5-3 (Groundball, 56S, EV 90.0 MPH)
Batting: LHB Mitchell Page 0-0: Ball
1-0: Called Strike
1-1: Swinging Strike
1-2: Ball
2-2: Ground out U3 (Groundball, 3L, EV 106.3 MPH)
Batting: RHB Kevin McReynolds 0-0: Foul Ball, location: 2F
0-1: Ball
1-1: SINGLE (Groundball, 6MD, EV 95.0 MPH)
Batting: LHB Ryan MacFarland 0-0: Foul Ball, location: 2F
0-1: Foul Ball, location: 2F
0-2: Ball
1-2: Foul Ball, location: 2F
1-2: Ball
2-2: Ball
3-2: Fly out, F8 (Flyball, 8LM, EV 71.3 MPH)
Bottom of the 3rd over - 0 runs, 1 hit, 0 errors, 1 left on base; Seattle 0 - Chicago 0
TOP OF THE 4TH
Seattle Mariners batting - Pitching for Chicago White Sox : RHP Dave Rozema
Batting: RHB Robin Yount 0-0: Ground out 3-1 (Groundball, 34S, EV 74.4 MPH)
Batting: LHB Chris Wynn 0-0: Ball
1-0: Called Strike
1-1: Ground out 4-3 (Groundball, 4, EV 84.4 MPH)
Batting: RHB Tony Conigliaro 0-0: Called Strike
0-1: Foul Ball, location: 2F
0-2: Strikes out swinging
Top of the 4th over - 0 runs, 0 hits, 0 errors, 0 left on base; Seattle 0 - Chicago 0
BOTTOM OF THE 4TH
Chicago White Sox batting - Pitching for Seattle Mariners : RHP Steve Busby
Pitching: LHP Jerry Gomez
Batting: RHB Bob Bailey 0-0: Called Strike
0-1: SINGLE (Line Drive, 7S, EV 111.3 MPH)
Batting: RHB Jose Castro 0-0: DOUBLE (Flyball, 8LXD, EV 109.4 MPH)
Bob Bailey to third
Batting: RHB Brian Harper 0-0: Ball
1-0: Foul Ball, location: 2F
1-1: SINGLE (Line Drive, 78S, EV 89.4 MPH)
Bob Bailey scores
Jose Castro to third
Runner from 3rd tries for Home, throw by LF and OUT! 7-2
Batting: SHB Dwayne Taggart 0-0: Called Strike
0-1: Called Strike
0-2: Ball
1-2: Foul Ball, location: 2F
1-2: Strikes out swinging
Batting: LHB Rudy Law 0-0: Fly out, F8 (Flyball, 89XD, EV 86.3 MPH)
Bottom of the 4th over - 1 run, 3 hits, 0 errors, 1 left on base; Seattle 0 - Chicago 1
TOP OF THE 5TH
Seattle Mariners batting - Pitching for Chicago White Sox : RHP Dave Rozema
Pitching: RHP Win Remmerswaal
Batting: RHB Bobby Bonds 0-0: Ball
1-0: Foul Ball, location: 2F
1-1: DOUBLE (Line Drive, 78D, EV 108.1 MPH)
Batting: RHB Ryne Sandberg 0-0: Foul Ball, location: 2F
0-1: Foul Ball, location: 2F
0-2: Ball
1-2: Fly out, F9 (Flyball, 9, EV 89.4 MPH)
Batting: RHB Ramon Estepa 0-0: Ball
1-0: Ball
2-0: SINGLE (Groundball, 6MD, EV 106.3 MPH)
Bobby Bonds to third
Runner from 3rd tries for Home, SAFE, throw by CF to home
Batting: RHB Ozzie Virgil 0-0: Fly out, F7 (Flyball, 8LS, EV 84.4 MPH)
Batting: LHB Jose Perales 0-0: Ball
1-0: Called Strike
1-1: Called Strike
1-2: Foul Ball, location: 2F
1-2: Fielders Choice at 2nd, 6-4 (Groundball, 6, EV 91.3 MPH)
Top of the 5th over - 1 run, 2 hits, 0 errors, 1 left on base; Seattle 1 - Chicago 1
BOTTOM OF THE 5TH
Chicago White Sox batting - Pitching for Seattle Mariners : LHP Jerry Gomez
Batting: RHB Mike Heath 0-0: Ball
1-0: Ground out 5-3 (Groundball, 56, EV 103.8 MPH)
Batting: LHB Mitchell Page 0-0: Foul Ball, location: 2F
0-1: Ball
1-1: Hit by Pitch
Batting: RHB Kevin McReynolds 0-0: Ball
1-0: Foul Ball, location: 2F
1-1: Called Strike
1-2: Foul Ball, location: 2F
1-2: Ground out 4-3 (Groundball, 4MD, EV 98.8 MPH)
Mitchell Page to second
Batting: LHB Ryan MacFarland 0-0: Ball
1-0: Foul Ball, location: 2F
1-1: Fly out, F7 (Flyball, 78D, EV 94.4 MPH)
Bottom of the 5th over - 0 runs, 0 hits, 0 errors, 1 left on base; Seattle 1 - Chicago 1
TOP OF THE 6TH
Seattle Mariners batting - Pitching for Chicago White Sox : RHP Win Remmerswaal
Batting: LHB Don Mattingly 0-0: Foul Ball, location: 2F
0-1: Ball
1-1: Ball
2-1: Ball
3-1: SINGLE (Groundball, 56D, EV 96.9 MPH)
Batting: RHB Robin Yount 0-0: Foul Ball, location: 2F
0-1: Foul Ball, location: 2F
0-2: Foul Ball, location: 2F
0-2: Foul Ball, location: 2F
0-2: Fielders Choice at 2nd, 4-6 (Groundball, 4MD, EV 100.6 MPH)
Pitching: LHP Gary Christophel
Batting: LHB Chris Wynn 0-0: Ball
1-0: Swinging Strike
1-1: Foul Ball, location: 2F
1-2: Strikes out swinging
Robin Yount steals 2nd base
Batter strikes out.
Batting: RHB Tony Conigliaro 0-0: Ball
1-0: Ball
2-0: Ball
3-0: Base on Balls
Batting: RHB Bobby Bonds 0-0: SINGLE (Groundball, 4MD, EV 107.5 MPH) (infield hit)
Robin Yount to third
Tony Conigliaro to second
Batting: RHB Ryne Sandberg 0-0: Ball
1-0: Called Strike
1-1: Ball
2-1: Fly out, F9 (Flyball, 9LS, EV 88.8 MPH)
Top of the 6th over - 0 runs, 2 hits, 0 errors, 3 left on base; Seattle 1 - Chicago 1
BOTTOM OF THE 6TH
Chicago White Sox batting - Pitching for Seattle Mariners : LHP Jerry Gomez
Batting: RHB Bob Bailey 0-0: Ball
1-0: Foul Ball, location: 2F
1-1: Foul Ball, location: 2F
1-2: Fly out, F7 (Flyball, 78S, EV 89.4 MPH)
Batting: RHB Jose Castro 0-0: Fly out, F6 (Popup, 6, EV 52.5 MPH)
Batting: RHB Brian Harper 0-0: Ball
1-0: Foul Ball, location: 2F
1-1: Swinging Strike
1-2: Ball
2-2: Ground out 6-3 (Groundball, 6, EV 88.8 MPH)
Bottom of the 6th over - 0 runs, 0 hits, 0 errors, 0 left on base; Seattle 1 - Chicago 1
TOP OF THE 7TH
Seattle Mariners batting - Pitching for Chicago White Sox : LHP Gary Christophel
Batting: RHB Ramon Estepa 0-0: Called Strike
0-1: Ball
1-1: Foul Ball, location: 2F
1-2: Ball
2-2: Fly out, F8 (Line Drive, 8RM, EV 98.8 MPH)
Batting: RHB Ozzie Virgil 0-0: Ball
1-0: Called Strike
1-1: Ball
2-1: SOLO HOME RUN (Flyball, 7D, EV 95.0 MPH), Distance : 374 ft
Pinch Hitting: RHB John Rabb 0-0: Ball
1-0: Called Strike
1-1: Ball
2-1: Called Strike
2-2: Strikes out swinging
Pinch Hitting: RHB Juan DeLiza 0-0: Ball
1-0: Ball
2-0: Ground out 5-3 (Groundball, 5, EV 106.3 MPH)
Top of the 7th over - 1 run, 1 hit, 0 errors, 0 left on base; Seattle 2 - Chicago 1
BOTTOM OF THE 7TH
Chicago White Sox batting - Pitching for Seattle Mariners : LHP Jerry Gomez
Pitching: RHP Nick Bowditch
Now at 1B: Juan DeLiza
Now at 3B: Kurt Cunningham
Pinch Hitting: RHB Tim Teufel 0-0: Called Strike
0-1: Foul Ball, location: 2F
0-2: Ball
1-2: Strikes out swinging
Pinch Hitting: SHB Kevin King 0-0: Called Strike
0-1: Called Strike
0-2: Ball
1-2: Ground out 5-3 (Groundball, 15, EV 90.0 MPH)
Pinch Hitting: SHB Ozzie Smith 0-0: Ground out 6-3 (Groundball, 6, EV 87.5 MPH)
Bottom of the 7th over - 0 runs, 0 hits, 0 errors, 0 left on base; Seattle 2 - Chicago 1
TOP OF THE 8TH
Seattle Mariners batting - Pitching for Chicago White Sox : LHP Gary Christophel
Now at 1B: Tim Teufel
Now at 2B: Ozzie Smith
Now in CF: Kevin King
Pinch Hitting: LHB Glen Franklin 0-0: Ball
1-0: Ball
2-0: Ball
3-0: Called Strike
3-1: Called Strike
3-2: Fly out, F7 (Flyball, 7D, EV 97.5 MPH)
Batting: LHB Mike Stenhouse 0-0: Called Strike
0-1: Ball
1-1: Foul Ball, location: 2F
1-2: Ball
2-2: Foul Ball, location: 2F
2-2: Fly out, F5 (Popup, 25, EV 91.9 MPH)
Pinch Hitting: SHB Miguel Dilone 0-0: Ground out 4-3 (Groundball, 4, EV 103.8 MPH)
Top of the 8th over - 0 runs, 0 hits, 0 errors, 0 left on base; Seattle 2 - Chicago 1
BOTTOM OF THE 8TH
Chicago White Sox batting - Pitching for Seattle Mariners : RHP Nick Bowditch
Now at SS: Glen Franklin
Now in LF: Miguel Dilone
Pinch Hitting: RHB Jim Wynn 0-0: Swinging Strike
0-1: Swinging Strike
0-2: Strikes out looking
Pinch Hitting: RHB Steve Henderson 0-0: Ball
1-0: SINGLE (Groundball, 6MD, EV 98.1 MPH)
Pinch Hitting: LHB Steve Christmas 0-0: SINGLE (Line Drive, 5D, EV 98.1 MPH)
Steve Henderson to second
Runner from 2nd tries for 3rd, OUT! 7-5
Batting: RHB Brian Downing 0-0: Fly out, F9 (Line Drive, 9, EV 91.3 MPH)
Bottom of the 8th over - 0 runs, 2 hits, 0 errors, 1 left on base; Seattle 2 - Chicago 1
TOP OF THE 9TH
Seattle Mariners batting - Pitching for Chicago White Sox : LHP Gary Christophel
Now at 3B: Steve Christmas
Now in LF: Steve Henderson
Now in RF: Jim Wynn
Pinch Hitting: LHB Ivan Flores 0-0: Called Strike
0-1: Foul Ball, location: 2F
0-2: Fly out, F5 (Flyball, 5D, EV 93.1 MPH)
Pinch Hitting: RHB Ken Reitz 0-0: Ball
1-0: Fly out, F4 (Flyball, 4D, EV 87.5 MPH)
Pitching: RHP Dickie Noles
Batting: RHB Ramon Estepa 0-0: Ball
1-0: Ball
2-0: SINGLE (Groundball, P, EV 84.4 MPH) (infield hit)
Pinch Hitting: LHB Rich Gedman 0-0: Ball
1-0: Foul Ball, location: 2F
1-1: Ball
2-1: Foul Ball, location: 2F
2-2: Foul Ball, location: 2F
2-2: Strikes out swinging
Top of the 9th over - 0 runs, 1 hit, 0 errors, 1 left on base; Seattle 2 - Chicago 1
BOTTOM OF THE 9TH
Chicago White Sox batting - Pitching for Seattle Mariners : RHP Nick Bowditch
Now at C: Rich Gedman
Now at 3B: Ken Reitz
Now in RF: Ivan Flores
Batting: RHB Jose Castro 0-0: Called Strike
0-1: Ball
1-1: Ball
2-1: Ball
3-1: Base on Balls
Pinch Hitting: RHB David Holmes 0-0: Called Strike
0-1: Called Strike
0-2: Foul Ball, location: 2F
0-2: Ball
1-2: Strikes out swinging
Batting: RHB Tim Teufel 0-0: Ball
1-0: Ball
2-0: Foul Ball, location: 2F
2-1: Called Strike
2-2: Foul Ball, location: 2F
2-2: Foul Ball, location: 2F
2-2: Fly out, F8 (Flyball, 78D, EV 90.0 MPH)
Pitching: RHP Timothy Jones
Batting: SHB Kevin King 0-0: Ball
1-0: Called Strike
1-1: Ball
2-1: SINGLE (Groundball, 5D, EV 104.4 MPH)
Jose Castro to second
Batting: SHB Ozzie Smith 0-0: Swinging Strike
0-1: Ball
1-1: Ball
2-1: Called Strike
2-2: Foul Ball, location: 2F
2-2: Ground out U3 (Groundball, 3S, EV 68.8 MPH)
Bottom of the 9th over - 0 runs, 1 hit, 0 errors, 2 left on base; Seattle 2 - Chicago 1
Thursday, July 16th, 2020 - OOTP Baseball 21.4 Build 63